 Dungeon Crawl Stone Soup version 0.19.0-23-gf02e663 (webtiles) character file.

210 Larett the Cutter (level 5, -2/29 HPs)
             Began as a Gargoyle Artificer on Nov 19, 2016.
             Was an Initiate of Qazlal.
             Killed from afar by an orc wizard (9 damage)
             ... with a magic dart
             ... on level 3 of the Dungeon.
             The game lasted 00:08:54 (3158 turns).

Larett the Cutter (Gargoyle Artificer)              Turns: 3158, Time: 00:08:54

Health: -2/29      AC: 14    Str: 16    XL:     5   Next: 87%
Magic:  7/7        EV:  7    Int: 11    God:    Qazlal [......]
Gold:   224        SH:  0    Dex: 11    Spells: 0 memorised, 4 levels left

rFire  . . .     SeeInvis .     y - +3 quarterstaff (chaos)
rCold  . . .     Gourm    .     x - +1 chain mail {rPois}
rNeg   + . .     Faith    .     (shield currently unavailable)
rPois  ∞         Spirit   .     (no helmet)
rElec  +         Reflect  .     z - +0 cloak
rCorr  .         Harm     +     (no gloves)
MR     .....                    (no boots)
Stlth  ..........               l - amulet of harm
                                (no ring)
                                (no ring)

@: no status effects
A: negative energy resistance 1, electricity resistance, unbreathing,
petrification resistance, rot immunity, AC +4
a: Renounce Religion


You were on level 3 of the Dungeon.
You worshipped Qazlal.
Qazlal was noncommittal.
You were not hungry.

You visited 1 branch of the dungeon, and saw 3 of its levels.
You visited the Abyss 1 time.

You collected 224 gold pieces.

Inventory:

Hand Weapons
 a - a +0 short sword
 y - a +3 quarterstaff of chaos (weapon)
 D - a +0 spear of venom
 E - a +2 spear of distortion {!w}
Missiles
 j - 65 stones (quivered)
 k - 32 bolts
 r - 42 arrows
 v - 20 poisoned needles
Armour
 x - a +1 chain mail of poison resistance (worn)
 z - a +0 cloak (worn)
Jewellery
 l - an amulet of harm (around neck)
 C - a cursed -3 ring of evasion {unknown}
Wands
 c - a wand of flame (8/48)
 d - a wand of enslavement (11/24)
 e - a wand of random effects (15/48)
 A - a wand of random effects (25/48)
Scrolls
 h - a scroll of immolation {unknown}
 m - a scroll of identify {unknown}
 n - a scroll of fear
 p - a scroll of magic mapping {unknown}
 s - a scroll of enchant weapon {unknown}
 t - 2 scrolls of remove curse
 B - a scroll of recharging {unknown}
Potions
 g - 3 potions of degeneration {unknown}
 q - a potion of cure mutation {unknown}
 w - a potion of curing {unknown}
Comestibles
 b - a meat ration
 f - 2 bread rations
 i - 4 fruits
 o - a slice of pizza
 u - 4 chunks of flesh {@w1}


   Skills:
 - Level 1.1 Fighting
 - Level 4.5 Short Blades
 + Level 2.2 Staves
 - Level 1.5 Dodging
 - Level 1.1 Stealth
 - Level 2.6 Evocations


You had 4 spell levels left.
You didn't know any spells.

Dungeon Overview and Level Annotations

Branches:
Dungeon (3/15)

Altars:
Qazlal


Innate Abilities, Weirdness & Mutations

You are resistant to torment.
Your stone body is resilient. (AC +4)
You are immune to poison.
You resist negative energy. (rN+)
You are resistant to electric shocks. (rElec)
You can survive without breathing.
You are immune to petrification.
You are immune to rotting.


Message History

You're too confused!
You butcher the frilled lizard corpse.
Something hits you but does no damage.
You see here a chunk of flesh {@w1}.
Unknown command.
The gnoll zaps a wand.
The puff of flame hits you!
You feel less confused.
You closely miss the orc. The orc hits you but does no damage.
Something hits you.
* * * LOW HITPOINT WARNING * * *
Your chain mail prevents you from hitting the orc.
The orc hits you but does no damage. Something hits you but does no damage.
You closely miss the orc. The orc hits you but does no damage.
Something hits you but does no damage.
You closely miss the orc. Something hits you but does no damage.
The orc hits you but does no damage.
You closely miss the orc.
You hear some strange, mumbled words.
A magic dart appears from out of thin air!
The magic dart hits you!
You die...

......##. .. #......
.......... #... .......
.......... .... .......
.........###..# # ###....
.............. .# #....
............##.## #....
....../g......... #....
#......)......#
##....%o9..#.#
##...†{†###.#####
###......###.......
...............# ####
............######..######
...................)......
............##############
............#
............#


You could see a gnoll and an orc.

Vanquished Creatures
  Crazy Yiuf (D:2)
  An orc wizard (D:3)
  Terence (D:2)
  5 gnolls
  An ooze (D:1)
  2 dart slugs (D:1)
  A leopard gecko (D:3)
  2 orcs (D:3)
  5 giant cockroaches
  2 hobgoblins
  11 jackals
  A quokka (D:3)
  2 ball pythons (D:1)
  7 bats
  3 frilled lizards
  8 goblins
  5 kobolds
  7 rats
65 creatures vanquished.

Vanquished Creatures (collateral kills)
  A gnoll (D:3)
  A hobgoblin (D:3)
  A rat (D:3)
3 creatures vanquished.

Vanquished Creatures (others)
  A gnoll (D:2)
  A kobold (D:1)
2 creatures vanquished.

Grand Total: 70 creatures vanquished

Notes
Turn   | Place    | Note
-------+----------+-------------------------------------------
     0 | D:1      | Larett the Gargoyle Artificer began the quest for the Orb.
     0 | D:1      | Reached XP level 1. HP: 12/12 MP: 2/2
    28 | D:1      | Reached skill level 1 in Short Blades
   179 | D:1      | Reached XP level 2. HP: 8/16 MP: 4/4
   480 | D:1      | Reached skill level 2 in Short Blades
   940 | D:1      | Reached XP level 3. HP: 20/20 MP: 5/5
  1381 | D:2      | HP: 3/20 [jackal (2)]
  1699 | D:2      | Reached skill level 3 in Short Blades
  1824 | D:2      | Noticed Terence
  1840 | D:2      | Killed Terence
  1840 | D:2      | Reached XP level 4. HP: 25/25 MP: 6/6
  2131 | D:2      | Found a runed door.
  2248 | D:2      | Reached skill level 4 in Short Blades
  2621 | D:2      | Found a stormy altar of Qazlal.
  2659 | D:2      | Became a worshipper of Qazlal Stormbringer
  2756 | D:2      | Noticed Crazy Yiuf
  2760 | D:2      | Killed Crazy Yiuf
  2760 | D:2      | Reached XP level 5. HP: 29/29 MP: 7/7
  2981 | D:3      | You are cast into the Abyss!
  2981 | D:3      | Cast into level 1 of the Abyss (gnoll)
  3009 | D:3      | You pass through the gate.
  3009 | D:3      | Escaped the Abyss
  3011 | D:3      | Reached skill level 1 in Staves
  3149 | D:3      | Reached skill level 2 in Staves
  3158 | D:3      | Killed from afar by an orc wizard

Skill      XL: |  1  2  3  4  5 |
---------------+----------------+-----
Short Blades   | 1 2 3 4 |  4.5
Staves         | 2 |  2.2
Fighting       | |  1.1
Dodging        | |  1.5
Stealth        | |  1.1
Evocations     | |  2.6

Action                   |  1- 3 |  4- 6 || total
-------------------------+-------+-------++-------
Melee: Short sword       |   163 |    71 ||   234
       Quarterstaff      |       |    44 ||    44
Evoke: Wand              |     3 |     8 ||    11
  Use: Scroll            |       |     2 ||     2
  Eat: Chunk             |     3 |     4 ||     7
Armor: Leather armour    |    71 |       ||    71
       Chain mail        |    11 |   112 ||   123
Dodge: Dodged            |   120 |    61 ||   181
